Map: Goldenaura LE

Players

Subwayeatn

  • Race: Protoss Protoss
  • League: Platinum
  • Spawn Location: 12:00

LibreKnight - Winner!

  • Race: Protoss Protoss
  • League: Platinum
  • Spawn Location: 5:00

VOD

Have the link to the VOD?

Description

Time

  • Played on: Oct. 21, 2023, 3:41 p.m.
  • Length: 3:24
Show
View Real Time Build Order
Export as new Build Order

Subwayeatn Protoss 

Build Orders:  

Get SALT Encoding   

  12  0:00  Probe  
  13  0:12  Probe  
  14  0:19  Pylon  
  14  0:24  Probe  
  15  0:37  Gateway  
  15  0:39  Probe (Chrono Boost)  
  16  0:46  Assimilator  
  16  0:52  Probe (Chrono Boost)  
  17  1:01  Probe (Chrono Boost), Pylon  
  18  1:13  Probe  
  19  1:25  Probe  
  20  1:29  Cybernetics Core  
  20  1:37  Probe  
  21  1:49  Probe  
  22  1:55  Nexus  
  22  2:04  Probe (Chrono Boost)  
  23  2:12  Assimilator  
  23  2:13  Adept  
  25  2:35  Assimilator  
  25  2:36  Probe  
  26  2:39  Assimilator  
  26  2:42  Pylon  
  26  2:50  Stalker (Chrono Boost)  
Show
View Real Time Build Order
Export as new Build Order

LibreKnight Protoss - Winner!

Build Orders:  

Get SALT Encoding   

  12  0:00  Probe  
  13  0:14  Pylon  
  13  0:22  Probe (Chrono Boost)  
  14  0:32  Probe (Chrono Boost)  
  14  0:35  Gateway  
  15  0:37  Probe (Chrono Boost)  
  16  0:49  Probe  
  17  0:51  Pylon  
  17  1:01  Probe  
  18  1:12  Gateway  
  18  1:13  Probe  
  19  1:22  Zealot  
  21  1:26  Gateway  
  22  1:32  Probe  
  22  1:35  Assimilator  
  22  1:44  Gateway  
  22  1:48  Zealot (Chrono Boost)  
  26  2:02  Zealot (Chrono Boost)  
  26  2:07  Zealot  
  28  2:13  Zealot  
  30  2:19  Probe  
  30  2:21  Cybernetics Core  
  31  2:36  Pylon  
  31  2:54  Zealot  
Tags
 
Matchup
PvP
Replay Pack
Multiplayer
Spawn Locations
Cross Positions
Add a new tag
Caveats
  • Supply blocks, unpowered buildings, or Contaminate may cause inaccurate times.
  • Supply counts are checked every 10 seconds.